 Dungeon Crawl Stone Soup version 0.24.0-35-gdb84b6a5db (webtiles) character file.

Game seed: 4903350316304144002, levelgen mode: deterministic

459 H0rd4k the Magician (level 6, 0/32 HPs)
             Began as a Deep Elf Wizard on Nov 18, 2019.
             Succumbed to a worker ant's poison
             ... on level 3 of the Dungeon.
             The game lasted 00:07:35 (2882 turns).

H0rd4k the Magician (Deep Elf Wizard)               Turns: 2882, Time: 00:07:36

Health: 0/32       AC:  7    Str:  4    XL:     6   Next: 78%
Magic:  2/18       EV: 13    Int: 25    God:
Gold:   183        SH:  0    Dex: 13    Spells: 11/20 levels left

rFire    + . .     SeeInvis .   (no weapon)
rCold    . . .     Gourm    .   (no shield)
rNeg     . . .     Faith    .   C - +2 robe {rF+}
rPois    .         Spirit   +   b - +0 hat
rElec    .         Reflect  .   (no cloak)
rCorr    .         Harm     .   (no gloves)
MR       .....                  k - +2 pair of boots
Stlth    ++........             a - amulet of guardian spirit
HPRegen  0.10/turn              (no ring)
MPRegen  0.16/turn              (no ring)

@: lethally poisoned (0 -> -11), invisible
A: no striking features
a: no special abilities


You were on level 3 of the Dungeon.
You were hungry.

You visited 1 branch of the dungeon, and saw 4 of its levels.

You collected 183 gold pieces.

Inventory:

Missiles
 h - 2 atropa-tipped darts (quivered)
 v - 33 poisoned darts
 x - 6 curare-tipped darts
Armour
 b - a +0 hat (worn)
 k - a +2 pair of boots (worn)
 C - a +2 robe of fire resistance (worn)
Jewellery
 a - an amulet of guardian spirit (around neck)
Wands
 w - a wand of flame (18)
Scrolls
 c - a scroll of fear {unknown}
 f - a scroll of random uselessness {unknown}
 j - a scroll of blinking {unknown}
 l - 3 scrolls of identify {unknown}
 n - a scroll of magic mapping {unknown}
 o - a scroll of enchant weapon {unknown}
 q - a scroll of fog {unknown}
 s - a scroll of noise {unknown}
 y - a scroll of amnesia {unknown}
 B - 2 scrolls of teleportation {unknown}
Potions
 e - a potion of heal wounds {unknown}
 g - a potion of invisibility
 i - a potion of flight {unknown}
 m - 2 potions of brilliance {unknown}
 p - 2 potions of degeneration {unknown}
 r - a potion of berserk rage {unknown}
 t - 2 potions of curing {unknown}
 u - a potion of agility {unknown}
 A - a potion of magic {unknown}
Comestibles
 d - 8 rations


   Skills:
 + Level 3.1 Dodging
 + Level 3.2 Stealth
 + Level 7.7 Spellcasting
 + Level 4.8 Conjurations
   Level 1.1 Summonings
 + Level 1.1 Translocations
 + Level 1.2 Fire Magic
 + Level 0.2 Evocations


You had 11 spell levels left.
You knew the following spells:

 Your Spells              Type           Power        Failure   Level  Hunger
a - Magic Dart            Conj           ####         1%          1    None
b - Blink                 Tloc           N/A          6%          2    None
c - Conjure Flame         Conj/Fire      ###.....     5%          3    None
d - Mephitic Cloud        Conj/Pois/Air  ###.....     10%         3    None

Your spell library contained the following spells:

 Spells                   Type           Power        Failure   Level  Hunger
 Call Imp                 Summ           ###.....     6%          2    None
 Slow                     Hex            #.......     10%         2    None


Dungeon Overview and Level Annotations

Branches:
Dungeon (4/15)
 Temple: D:4-7

Altars:
Dithmenos
Hepliaklqana
Makhleb

Annotations:
D:3 exclusion: upstairs, Grinder


Message History

* * * LOW HITPOINT WARNING * * *
You feel sick. Grinder hits you.
* * * LOW HITPOINT WARNING * * *
You writhe in agony.
* * * LOW HITPOINT WARNING * * *
The worker ant bites you but does no damage.
You can move again.
You climb upwards.
Level annotation: exclusion: upstairs
* * * LOW HITPOINT WARNING * * *
You feel sick.
There is a stone staircase leading down here.
Casting: Magic Dart (safe; 1% risk of failure)
Confirm with . or Enter, or press ? or * to list all spells.
You blink.
* * * LOW HITPOINT WARNING * * *
You feel sick.
It was a potion of invisibility.
You fade into invisibility!
You die...

#########
##################.......#
..........[..5.a.#.#####.#
###########.####@#.##....#
#.####.#......##
#.#....#.##.#.# ###
#.#.#######.#.#### #<####
#.#.......#.<†...#
###....#
#.#######.######.#
..#.##.# #.# #.# #.#
#.#....####.## #.# #.#
#.####.......# #.######.##


You could see Grinder and a worker ant.

Vanquished Creatures
  Sigmund (D:2)
  A phantom (D:4)
  3 iron imps (D:4)
  4 adders
  2 worms (D:3)
  3 dart slugs
  4 leopard geckos
  3 orcs (D:3)
  3 giant cockroaches
  12 goblins
  11 hobgoblins
  9 jackals
  4 kobolds
  A ball python (D:3)
  4 bats
  8 frilled lizards
  A quokka skeleton (D:4)
  9 rats
83 creatures vanquished.

Notes
Turn   | Place    | Note
-------+----------+-------------------------------------------
     0 | D:1      | H0rd4k the Deep Elf Wizard began the quest for the Orb.
     0 | D:1      | Reached XP level 1. HP: 10/10 MP: 7/7
   169 | D:1      | Reached XP level 2. HP: 10/15 MP: 5/9
   182 | D:1      | Reached skill level 5 in Spellcasting
   734 | D:1      | Reached XP level 3. HP: 19/19 MP: 8/12
   901 | D:1      | Found a shadowy altar of Dithmenos.
   963 | D:2      | Noticed Sigmund
  1054 | D:3      | Found a hazy altar of Hepliaklqana.
  1286 | D:3      | Learned a level 2 spell: Blink
  1290 | D:3      | Learned a level 3 spell: Conjure Flame
  1294 | D:3      | Learned a level 3 spell: Mephitic Cloud
  1355 | D:3      | Reached XP level 4. HP: 24/24 MP: 3/13
  1856 | D:2      | Reached skill level 6 in Spellcasting
  2130 | D:2      | Killed Sigmund
  2130 | D:2      | Reached skill level 7 in Spellcasting
  2130 | D:2      | Reached XP level 5. HP: 10/28 MP: 6/16
  2130 | D:2      | Reached XP level 6. HP: 11/32 MP: 6/18
  2726 | D:4      | Found a burning altar of Makhleb.
  2739 | D:4      | Reached skill level 1 in Fire Magic
  2839 | D:4      | Noticed Grinder
  2875 | D:4      | Paralysed by Grinder for 5 turns
  2881 | D:3      | HP: 1/32 [poisoned by a worker ant]
  2882 | D:3      | Succumbed to a worker ant's poison

Levels and vault maps discovered:
D:1:      dpeg_arrival_water_altar, layout_rooms
D:2:      layout_loops_ring, first_ration, hangedman_decor_clover_reticule,
          minmay_joined_circles, uniq_sigmund
D:3:      layout_basic, old_standard_altar
D:4:      layout_basic, demons_altar, minmay_temple_entry_offerings,
          uniq_grinder

Skill      XL: |  1  2  3  4  5  6 |
---------------+-------------------+-----
Spellcasting   | 5 7 |  7.7
Conjurations   | 2 4 |  4.8
Stealth        | 3 |  3.2
Dodging        | 3 |  3.1
Fire Magic     | 1 |  1.2
Summonings     | |  1.1
Translocations | |  1.1
Evocations     | |  0.2

Action                   |  1- 3 |  4- 6 || total
-------------------------+-------+-------++-------
 Cast: Magic Dart        |   112 |   111 ||   223
       Conjure Flame     |       |     1 ||     1
       Blink             |       |     1 ||     1
Evoke: Wand              |       |     3 ||     3
  Use: Scroll            |       |     1 ||     1
       Potion            |       |     1 ||     1
  Eat: Chunk             |     1 |     4 ||     5
Armor: Robe              |     5 |     7 ||    12
Dodge: Dodged            |    22 |    13 ||    35
